 Dungeon Crawl Stone Soup version 0.17-a0-1954-g0dddeaa (webtiles) character file.

13271 kae the Fencer (level 11, -10/84 HPs)
             Began as a Minotaur Fighter on Oct 3, 2015.
             Was an Elder of Qazlal.
             Mangled by Urug
             ... wielding a +0 great mace
              (31 damage)
             ... on level 1 of the Lair of Beasts.
             The game lasted 00:15:42 (12421 turns).

kae the Fencer (Minotaur Fighter)                  Turns: 12421, Time: 00:15:43

Health: -10/84     AC: 11    Str: 22    XL:     11   Next: 73%
Magic:  11/11      EV: 10    Int:  7    God:    Qazlal [****..]
Gold:   559        SH: 15    Dex: 10    Spells: 0 memorised, 10 levels left

rFire  + . .     SeeInvis +     a - +3 scimitar (flame)
rCold  . . .     Clarity  .     C - +2 ring mail {rF+}
rNeg   . . .     SustAt   .     c - +0 shield
rPois  .         Gourm    .     o - +1 hat {MR+}
rElec  .         Spirit   .     v - +0 cloak
rCorr  .         Warding  .     N - +0 pair of gloves
rMut   .         Stasis   .     (no boots)
MR     ++...                    w - amulet of regeneration
Stlth  +.........               J - ring of protection from magic
                                D - ring of see invisible

@: repel missiles, very resistant to hostile enchantments, very unstealthy
A: retaliatory headbutt, horns 2
a: Upheaval, Elemental Force, Renounce Religion


You were on level 1 of the Lair of Beasts.
You worshipped Qazlal.
Qazlal was greatly pleased with you.
You were near starving.

You visited 2 branches of the dungeon, and saw 12 of its levels.

You collected 703 gold pieces.
You spent 144 gold pieces at shops.

Inventory:

Hand weapons
 a - a +3 scimitar of flaming (weapon)
 b - a +1 scimitar of freezing
 A - a cursed +3 great sword of freezing
Armour
 c - a +0 shield (worn)
 o - a +1 hat of magic resistance (worn)
 v - a +0 cloak (worn)
 C - a +2 ring mail of fire resistance (worn)
 N - a +0 pair of gloves (worn)
Jewellery
 k - an uncursed amulet of rage
 w - an amulet of regeneration (around neck)
 x - an uncursed amulet of stasis
 D - a ring of see invisible (left hand)
 J - a ring of protection from magic (right hand)
 R - an uncursed amulet of warding
Magical devices
 d - a wand of fire (6)
 s - a wand of frost (27)
 t - a wand of disintegration (14)
 S - a wand of fire (5)
Scrolls
 h - 6 scrolls of teleportation
 j - 3 scrolls of enchant armour
 n - 3 scrolls of recharging
 q - 5 scrolls of remove curse
 r - 4 scrolls of magic mapping
 B - 2 scrolls of vulnerability
 Q - a scroll of fog
Potions
 g - a potion of cure mutation {unknown}
 i - a potion of poison {unknown}
 l - 3 potions of curing
 p - a potion of cancellation
 z - a potion of flight
 I - a potion of agility
 L - a potion of brilliance
 M - a potion of haste {unknown}
 O - a potion of lignification {unknown}
 P - a potion of degeneration {unknown}
Books
 y - a book of Geomancy

   Spells                             Type                      Level
   a - Sandblast                      Earth                        1
   b - Stoneskin                      Transmutation/Earth          2
   c - Passwall                       Transmutation/Earth          3
   d - Stone Arrow                    Conjuration/Earth            3
   e - Petrify                        Transmutation/Earth          4
   f - Lee's Rapid Deconstruction     Earth                        5
 G - a book of Conjurations

   Spells                             Type                      Level
   a - Magic Dart                     Conjuration                  1
   b - Searing Ray                    Conjuration                  2
   c - Dazzling Spray                 Conjuration/Hexes            3
   d - Fulminant Prism                Conjuration/Hexes            4
   e - Iskenderun's Mystic Blast      Conjuration                  4
   f - Iskenderun's Battlesphere      Conjuration/Charms           5
 H - a book of Beasts

   Spells                             Type                      Level
   a - Summon Butterflies             Summoning                    1
   b - Call Canine Familiar           Summoning                    3
   c - Summon Ice Beast               Ice/Summoning                4
   d - Summon Mana Viper              Hexes/Summoning              5
   e - Summon Hydra                   Summoning                    7
Comestibles
 e - 7 bread rations
 f - 4 fruits
 u - 7 meat rations
 E - a beef jerky
 F - 7 royal jellies
 K - 2 slices of pizza


   Skills:
 - Level 4.3 Fighting
 - Level 19.2 Long Blades
 - Level 5.9 Armour
 - Level 3.2 Dodging
 - Level 0.1 Stealth
 - Level 5.9 Shields
 + Level 2.0 Invocations


You had 10 spell levels left.
You didn't know any spells.

Dungeon Overview and Level Annotations

Branches:
Dungeon (11/15)            Temple (0/1) D:7            Lair (1/8) D:11
    Orc (0/4) D:9

Altars:
Elyvilon
Fedhas
Gozag
Kikubaaqudgha
Makhleb
Okawaru
Qazlal
Ru
Trog
Xom
Yredelemnul
Zin

Shops:
D:7 [

Annotations:
Lair:1 Urug


Innate Abilities, Weirdness & Mutations

You reflexively headbutt those who attack you in melee.
You have a pair of horns on your head.


Message History

* * * LOW HITPOINT WARNING * * *
You are too injured to fight recklessly!
You are too injured to fight recklessly!
You are too injured to fight recklessly!
You are too injured to fight recklessly!
You are too injured to fight recklessly!
You are too injured to fight recklessly!
You are too injured to fight recklessly!
You are too injured to fight recklessly!
You closely miss Urug.
Urug is heavily wounded.
You miss Urug.
Urug is heavily wounded.
Urug closely misses you.
You closely miss Urug.
Urug is heavily wounded.
You completely miss Urug. Your headbutt misses Urug.
Urug is heavily wounded.
Urug hits you with a great mace!!
You die...

P...... ........# ##
#P.P.......
..?.!...##P##...........
.......................
P.....................
#.#.....# #..........
#...§.# #.........
#.o...## #........
..##§.@.#.# #........
#....§.§§§## #......##
#.....§..§.## ##....###
###.........###......#
#..........##.....##
#.####.....#.....## ##
##....(##.### ###P######
###


You could see Urug.

Vanquished Creatures
  A hydra (Lair:1)
  Erica (D:10)
  An ugly thing (D:11)
  A manticore (D:11)
  The ghost of achirane the Ruffian, an experienced TrTm of Okawaru (D:5)
  A spiny frog (Lair:1)
  A komodo dragon (Lair:1)
  2 trolls
  A queen bee (D:8)
  Prince Ribbit (D:7)
  A wyvern (D:10)
  8 yaks
  A steam dragon (D:9)
  A hippogriff (D:9)
  3 hungry ghosts
  A shadow (D:11)
  Edmund (D:5)
  5 water moccasins
  3 orc warriors
  2 black bears
  2 phantoms
  A porcupine (Lair:1)
  3 ice beasts
  6 centaurs
  A crocodile (D:8)
  5 giant frogs
  7 ogres
  2 big kobolds
  8 scorpions
  2 wyvern skeletons
  3 wights (D:11)
  A water moccasin skeleton (D:7)
  22 killer bees
  5 crimson imps
  4 jellies
  2 giant frog zombies
  A centaur zombie (D:11)
  2 centaur skeletons
  Crazy Yiuf (D:7)
  2 giant frog skeletons (D:7)
  The ghost of Pikaro the Vexing, a weakling FeEn (D:3)
  4 hounds
  16 orc wizards
  2 quasits (D:11)
  5 iguanas
  6 orc priests
  Terence (D:2)
  14 worker ants
  A gnoll shaman (D:7)
  2 hell rats (D:8)
  A hound zombie (D:5)
  A hound skeleton (D:4)
  A worker ant zombie (D:8)
  8 river rats (D:8)
  16 adders
  10 gnolls
  2 shadow imps
  An ooze (D:3)
  4 adder skeletons
  2 worms
  10 giant geckos
  32 orcs
  2 ball pythons
  7 giant cockroaches
  2 gnoll zombies (D:3)
  8 hobgoblins
  15 jackals
  15 kobolds
  9 bats
  A giant gecko skeleton (D:7)
  4 giant newts
  8 goblins
  5 quokkas
  31 rats
  A bush (D:7)
  4 fungi
  4 plants (Lair:1)
373 creatures vanquished.

Vanquished Creatures (others)
  A wizard (D:7)
  3 plants (Lair:1)
4 creatures vanquished.

Grand Total: 377 creatures vanquished

Notes
Turn   | Place    | Note
--------------------------------------------------------------
     0 | D:1      | kae the Minotaur Fighter began the quest for the Orb.
     0 | D:1      | Reached XP level 1. HP: 19/19 MP: 0/0
   143 | D:1      | Reached XP level 2. HP: 22/27 MP: 1/1
   259 | D:1      | Reached skill level 4 in Armour
   715 | D:2      | Noticed Terence
   809 | D:2      | Reached XP level 3. HP: 30/33 MP: 2/2
   856 | D:2      | Found an iron altar of Okawaru.
   987 | D:2      | Killed Terence
   987 | D:2      | Reached skill level 1 in Dodging
   987 | D:2      | Reached XP level 4. HP: 32/40 MP: 3/3
  1402 | D:3      | Found a white marble altar of Elyvilon.
  1404 | D:3      | Noticed Pikaro's ghost (weakling FeEn)
  1416 | D:3      | Killed Pikaro's ghost
  1416 | D:3      | Reached skill level 5 in Shields
  1599 | D:3      | Reached XP level 5. HP: 46/46 MP: 4/4
  1788 | D:2      | Reached skill level 5 in Armour
  2320 | D:3      | Found a white marble altar of Elyvilon.
  2510 | D:3      | Reached XP level 6. HP: 49/52 MP: 5/5
  2511 | D:3      | Found a basalt altar of Yredelemnul.
  3189 | D:3      | Reached XP level 7. HP: 41/59 MP: 6/6
  3290 | D:4      | Reached skill level 5 in Long Blades
  3723 | D:4      | Reached skill level 6 in Long Blades
  3809 | D:4      | Reached skill level 7 in Long Blades
  4328 | D:4      | Reached skill level 8 in Long Blades
  4328 | D:4      | Reached XP level 8. HP: 59/66 MP: 7/7
  4572 | D:4      | Reached skill level 9 in Long Blades
  4737 | D:4      | Found a bloodstained altar of Trog.
  4841 | D:5      | Entered Level 5 of the Dungeon
  4894 | D:5      | Noticed achirane's ghost (experienced TrTm)
  5001 | D:5      | Killed achirane's ghost
  5001 | D:5      | Reached skill level 10 in Long Blades
  5146 | D:5      | Noticed Edmund
  5181 | D:5      | Killed Edmund
  5181 | D:5      | Reached skill level 11 in Long Blades
  5308 | D:5      | Reached XP level 9. HP: 71/71 MP: 8/8
  5447 | D:5      | Paralysed by a gnoll for 7 turns
  5513 | D:5      | Found a shimmering altar of Xom.
  5633 | D:6      | Found a stormy altar of Qazlal.
  5654 | D:6      | Became a worshipper of Qazlal Stormbringer
  5963 | D:6      | Reached skill level 12 in Long Blades
  6023 | D:6      | Found a glowing silver altar of Zin.
  6024 | D:6      | Found an opulent altar of Gozag.
  6125 | D:7      | Found Cibrywke's Antique Armour Shop.
  6133 | D:7      | Bought an embroidered hat for 144 gold pieces
  6243 | D:7      | Found a bloodstained altar of Trog.
  6244 | D:7      | Noticed a wizard
  6249 | D:7      | Killed a wizard
  6353 | D:7      | Noticed Prince Ribbit
  6365 | D:7      | Killed Prince Ribbit
  6412 | D:7      | Reached skill level 13 in Long Blades
  6502 | D:7      | Found an ancient bone altar of Kikubaaqudgha.
  6717 | D:7      | Acquired Qazlal's first power
  6877 | D:7      | Found a burning altar of Makhleb.
  6985 | D:7      | Found a staircase to the Ecumenical Temple.
  7002 | D:7      | Reached skill level 14 in Long Blades
  7279 | D:7      | You fall through a shaft for 3 floors!
  7279 | D:10     | Entered Level 10 of the Dungeon
  7455 | D:9      | Reached XP level 10. HP: 56/79 MP: 9/9
  7564 | D:9      | Found a bloodstained altar of Trog.
  7698 | D:9      | Reached skill level 15 in Long Blades
  7861 | D:8      | Acquired Qazlal's second power
  7881 | D:8      | Reached skill level 16 in Long Blades
  8400 | D:8      | Acquired Qazlal's third power
  8540 | D:7      | Noticed Crazy Yiuf
  8544 | D:7      | Killed Crazy Yiuf
  8778 | D:8      | Found a sacrificial altar of Ru.
  8874 | D:8      | Found a blossoming altar of Fedhas.
  9137 | D:9      | Reached skill level 17 in Long Blades
  9320 | D:9      | Found a staircase to the Orcish Mines.
 10001 | D:10     | Reached XP level 11. HP: 70/84 MP: 10/10
 10225 | D:10     | Noticed Erica
 10255 | D:10     | Killed Erica
 10801 | D:11     | Reached skill level 18 in Long Blades
 10805 | D:11     | Acquired Qazlal's fourth power
 11831 | D:11     | Found a staircase to the Lair.
 11893 | Lair:1   | Entered Level 1 of the Lair of Beasts
 11918 | Lair:1   | Noticed a five-headed hydra
 11931 | Lair:1   | Killed a one-headed hydra
 11931 | Lair:1   | Reached skill level 19 in Long Blades
 12112 | Lair:1   | Reached skill level 1 in Invocations
 12410 | Lair:1   | Noticed Urug
 12421 | Lair:1   | Mangled by Urug

Vault maps used:
D:1:      scummos_arrival_simple_fountains
D:2:      lemuel_crystal_altar, first_bread, uniq_terence
D:3:      lemuel_zombie_altar_yredelemnul, lemuel_crystal_altar,
          elyvilon_altar_4
D:4:      old_forge, lemuel_round_altar
D:5:      tgw_xom, uniq_edmund
D:6:      grunt_temple_overflow_gold_and_silver,
          nicolae_qazlal_style_of_elements
D:7:      lemuel_crystal_altar, lemuel_round_altar, temple_statues,
          serial_shops, shop, trog_wizard, uniq_crazy_yiuf_cottage,
          uniq_prince_ribbit1
D:8:      lemuel_ratsnest, nicolae_overflow_crystal_walls,
          overflow_temple_1_default, david_nohive_1
D:9:      orc_0_dummy, basic_altar
D:10:     uniq_erica
D:11:     lair_0_dummy
Lair:1:   serial_forest, infiniplex_forest_end_3, infiniplex_forest_clump_cross,
          infiniplex_forest_straight_2, infiniplex_forest_clump_double,
          infiniplex_forest_clump_curved, infiniplex_forest_end_2,
          infiniplex_forest_lined_corner, uniq_urug

Action                   |  1- 3 |  4- 6 |  7- 9 | 10-12 || total
-------------------------+-------+-------+-------+-------++-------
Melee: Long sword        |    38 |   151 |   485 |   472 ||  1146
       Falchion          |    41 |    33 |       |       ||    74
       Scimitar          |       |       |       |   197 ||   197
Evoke: Wand              |       |       |       |     1 ||     1
  Use: Scroll            |     5 |     6 |     2 |    12 ||    25
       Potion            |       |       |     1 |     8 ||     9
  Eat: Chunk             |       |     7 |    16 |    18 ||    41
       Fruit             |       |       |     1 |     1 ||     2
       Bread ration      |       |       |       |     1 ||     1
